 Dungeon Crawl Stone Soup version 0.19.0-22-gd96e5fe (webtiles) character file.

106 patrickswayze the Sneak (level 4, 0/27 HPs)
             Began as a Deep Elf Chaos Knight on Nov 20, 2016.
             Succumbed to patrickswayze's ghost's poison
             ... on level 2 of the Dungeon.
             The game lasted 00:03:48 (2799 turns).

patrickswayze the Sneak (Deep Elf Chaos Knight)     Turns: 2799, Time: 00:03:49

Health: 0/27       AC:  6    Str:  6 (9)  XL:     4   Next: 55%
Magic:  6/6        EV: 17    Int: 15 (17) God:    Xom [..*...]
Gold:   158        SH:  0    Dex: 19 (20) Spells: 1 memorised, 2 levels left

rFire  + . .     SeeInvis .     a - +0 short sword (chaos)
rCold  + . .     Gourm    .     b - +2 leather armour
rNeg   . . .     Faith    .     (no shield)
rPois  +         Spirit   .     (no helmet)
rElec  +         Reflect  .     (no cloak)
rCorr  +         Harm     .     f - +0 pair of gloves
MR     .....                    (no boots)
Stlth  ++++......               (no amulet)
                                (no ring)
                                (no ring)

@: agile, lethally poisoned (0 -> -10), exhausted, resistant, flying, slowed,
drained, very slow
A: no striking features
a: Renounce Religion


You were on level 2 of the Dungeon.
You worshipped Xom.
You were a toy of Xom.
You were not hungry.

You visited 1 branch of the dungeon, and saw 3 of its levels.

You collected 158 gold pieces.


   Skills:
 - Level 2.4(2.2) Fighting
 - Level 3.0(2.7) Short Blades
 - Level 0.7(0.5) Armour
 - Level 2.4(2.2) Dodging
 + Level 5.6(5.4) Stealth


You had 2 spell levels left.
You knew the following spells:

 Your Spells              Type           Power        Failure   Level  Hunger
A - Apportation           Tloc           #.........   41%         1    ##.....

Inventory:

Hand Weapons
 a - a +0 short sword of chaos (weapon)
Missiles
 p - 51 stones (quivered)
Armour
 b - a +2 leather armour (worn)
 f - a +0 pair of gloves (worn)
 t - a +0 helmet
Scrolls
 d - 3 scrolls of identify
 e - a scroll of amnesia {unknown}
 i - a scroll of enchant weapon {unknown}
 k - a scroll of blinking {unknown}
 m - 2 scrolls of magic mapping {unknown}
 u - a scroll of remove curse {unknown}
Potions
 l - a potion of degeneration
 o - 3 potions of resistance
 q - a potion of heal wounds {unknown}
 r - a potion of lignification {unknown}
 s - a potion of berserk rage {!q}
Books
 v - a book of Cantrips

   Spells                             Type                      Level
   a - Confusing Touch                Hexes                        1
   b - Animate Skeleton               Necromancy                   1
   c - Summon Small Mammal            Summoning                    1
   d - Apportation                    Translocation                1
Comestibles
 c - 2 bread rations
 j - a royal jelly
 n - 3 meat rations


Message History

You feel your anger subside.
* * * LOW HITPOINT WARNING * * *
You feel sick.
You are no longer berserk.
You are exhausted.
You feel yourself slow down.
It was a potion of degeneration.
There was something very wrong with that liquid.
You feel weakened.
You feel dopey.
You feel clumsy.
* * * LOW HITPOINT WARNING * * *
You feel sick.
It was a potion of agility.
You feel agile all of a sudden.
* * * LOW HITPOINT WARNING * * *
You feel sick.
It was a potion of flight.
You feel very buoyant.
You fly up into the air.
You die...
Xom chortles!

.......#.##<........#.#
.#.....#.###...#+#....#########
...#.....# #...........##.....#
.#...#...###.#............###.#
...#...#..####.........######.#
.#)..#...#.............#......#
...#...#...#..#........#.######
.#...#...#....#........#.#
...#...#...#..#.@......#.#
.#...#...#....#........#.#
...#...#...#..>.)......#.#
.#...#...#.............#.#
...#...#...#...#########.#
.#...#...#.....# #.#
...#...#...#...##### #.#
.#...#...#.....#...# #.#
...#...#...#.....#.#####.#


There were no monsters in sight!

Vanquished Creatures
  5 adders (D:2)
  A worm (D:2)
  3 dart slugs
  2 leopard geckos
  3 orcs (D:3)
  A giant cockroach (D:1)
  4 goblins
  5 hobgoblins
  3 jackals (D:1)
  4 kobolds
  A ball python (D:2)
  9 bats
  4 frilled lizards
  3 rats (D:1)
48 creatures vanquished.

Notes
Turn   | Place    | Note
-------+----------+-------------------------------------------
     0 | D:1      | patrickswayze the Deep Elf Chaos Knight began the quest for the Orb.
     0 | D:1      | Reached XP level 1. HP: 13/13 MP: 3/3
    55 | D:1      | Reached skill level 1 in Stealth
   167 | D:1      | Reached skill level 2 in Stealth
   168 | D:1      | Reached XP level 2. HP: 18/18 MP: 4/4
   371 | D:1      | Reached skill level 3 in Stealth
   392 | D:1      | XOM: divination: detect items
   965 | D:2      | Reached XP level 3. HP: 22/22 MP: 5/5
  1016 | D:2      | Reached skill level 4 in Stealth
  1154 | D:2      | Reached skill level 5 in Stealth
  1154 | D:2      | Reached XP level 4. HP: 27/27 MP: 6/6
  1496 | D:3      | Noticed Ijyb
  1503 | D:3      | Noticed patrickswayze's ghost (amateur DECK)
  1504 | D:3      | XOM: potion effect (berserk rage)
  1881 | D:3      | Learned a level 1 spell: Apportation
  2048 | D:2      | XOM: silly message
  2053 | D:2      | XOM: divination: detect items
  2096 | D:3      | XOM: harmless Divn miscast
  2195 | D:3      | HP: 4/27 [patrickswayze's ghost (19)]
  2301 | D:2      | XOM: harmless Conj miscast
  2745 | D:3      | XOM: harmless Ice miscast
  2793 | D:2      | HP: 8/40 [poisoned by patrickswayze's ghost]
  2797 | D:2      | HP: 2/27 [poisoned by patrickswayze's ghost]
  2799 | D:2      | Succumbed to patrickswayze's ghost's poison

Vault maps used:
D:1:      lemuel_arrival_lava_pool, serial_corexii_hall, corexii_hall_statues_u,
          corexii_hall_statues_t
D:2:      hex_large, solitary_fountain
D:3:      serial_forest, infiniplex_forest_straight_2,
          infiniplex_forest_clump_medium, infiniplex_forest_lined_corner,
          infiniplex_forest_side_room, infiniplex_forest_clump_medium,
          infiniplex_forest_clump_diagonal, first_bread, bloody_trog, uniq_iyjb

Action                   |  1- 3 |  4- 6 || total
-------------------------+-------+-------++-------
Melee: Short sword       |    78 |    64 ||   142
Throw: Stone             |       |     1 ||     1
  Use: Scroll            |     1 |       ||     1
       Potion            |       |     5 ||     5
 Stab: Sleeping          |     9 |     3 ||    12
  Eat: Chunk             |     1 |     2 ||     3
       Bread ration      |       |     1 ||     1
Armor: Leather armour    |    19 |    24 ||    43
Dodge: Dodged            |    51 |    34 ||    85
